 Dungeon Crawl Stone Soup version 0.26-a0-451-gacbe401 (webtiles) character file.

Game seed: 12267590538372441861

247 Illumine the Shield-Bearer (level 6, -1/53 HPs)
             Began as a Gnoll Fighter on July 27, 2020.
             Was an Initiate of Okawaru.
             Slain by an unseen horror (5 damage)
             ... on level 4 of the Dungeon.
             The game lasted 00:03:24 (3126 turns).

Illumine the Shield-Bearer (Gnoll Fighter)          Turns: 3126, Time: 00:03:24

Health: -1/53      AC:  7    Str: 20    XL:     6   Next: 11%
Magic:  8/8        EV:  9    Int: 10    God:    Okawaru [......]
Gold:   193        SH: 11    Dex: 15    Spells: 8/8 levels left

rFire    . . .     SeeInvis .   a - +0 trident
rCold    . . .     Faith    .   c - +0 kite shield
rNeg     . . .     Spirit   .   b - +0 scale mail
rPois    .         Reflect  .   (no helmet)
rElec    .         Harm     .   (no cloak)
rCorr    .                      (no gloves)
MR       .....                  (no boots)
Stlth    +.........             (no amulet)
HPRegen  0.17/turn              (no ring)
MPRegen  0.11/turn              (no ring)

@: no status effects
A: distributed training, fangs 1, strong nose
a: Renounce Religion


You were on level 4 of the Dungeon.
You worshipped Okawaru.
Okawaru was noncommittal.
You visited 2 branches of the dungeon, and saw 6 of its levels.

You collected 193 gold pieces.

Inventory:

Hand Weapons
 a - a +0 trident (weapon)
Missiles
 j - 98 bolts
Armour
 b - a +0 scale mail (worn)
 c - a +0 kite shield (worn)
Jewellery
 w - an uncursed ring of stealth {unknown}
Scrolls
 f - a scroll of blinking {unknown}
 g - 2 scrolls of noise {unknown}
 h - 2 scrolls of enchant armour {unknown}
 i - 2 scrolls of amnesia {unknown}
 l - 4 scrolls of remove curse {unknown}
 m - a scroll of enchant weapon {unknown}
 n - 2 scrolls of teleportation {unknown}
 o - 2 scrolls of fear {unknown}
 p - 3 scrolls of magic mapping {unknown}
 u - 3 scrolls of identify {unknown}
Potions
 e - 2 potions of brilliance {unknown}
 k - a potion of ambrosia {unknown}
 q - a potion of resistance {unknown}
 r - a potion of berserk rage {unknown}
 s - 2 potions of heal wounds {unknown}
 t - a potion of stabbing {unknown}
 v - a potion of degeneration {unknown}
 x - a potion of haste {unknown}


   Skills:
 + Level 6.8 Fighting
 + Level 1.8 Short Blades
 + Level 1.8 Long Blades
 + Level 1.8 Axes
 + Level 1.8 Maces & Flails
 + Level 4.9 Polearms
 + Level 1.8 Staves
 + Level 1.8 Slings
 + Level 1.8 Bows
 + Level 1.8 Crossbows
 + Level 1.8 Throwing
 + Level 6.8 Armour
 + Level 1.8 Dodging
 + Level 1.8 Stealth
 + Level 6.8 Shields
 + Level 1.8 Unarmed Combat
 + Level 1.8 Spellcasting
 + Level 1.4 Conjurations
 + Level 1.4 Hexes
 + Level 1.4 Summonings
 + Level 1.4 Necromancy
 + Level 1.4 Translocations
 + Level 1.4 Transmutations
 + Level 1.4 Fire Magic
 + Level 1.4 Ice Magic
 + Level 1.4 Air Magic
 + Level 1.4 Earth Magic
 + Level 1.4 Poison Magic
 + Level 2.0 Invocations
 + Level 1.8 Evocations


You had 8 spell levels left.
You didn't know any spells.
Your spell library was empty.

Dungeon Overview and Level Annotations

Branches:
Dungeon (5/15)             Temple (1/1) D:4

Altars:
Ashenzari
Cheibriados
Dithmenos
Elyvilon
Fedhas
Gozag
Makhleb
Nemelex Xobeh
Okawaru
Qazlal
Sif Muna
Uskayaw
Xom
Yredelemnul
Zin


Innate Abilities, Weirdness & Mutations

Your experience applies equally to all skills.
You have very sharp teeth.
Your uncanny sense of smell can sniff out nearby items.


Message History

Something hits you! Something completely misses you. Something hits you.
Something hits you! Something hits you but does no damage.
There is a stone staircase leading up here.
Something hits you. Something hits you!
* * * LOW HITPOINT WARNING * * *
Something hits you.
* * * LOW HITPOINT WARNING * * *
There is a stone staircase leading up here.
Something hits you.
* * * LOW HITPOINT WARNING * * *
You climb upwards.
Reactivating autopickup.
There is a stone staircase leading down here.
Unknown command.
Deactivating autopickup; reactivate with Ctrl-A.
You closely miss something. Something hits you.
You die...

####### #.†...#
#.###.# #.###.#
#...#.## ###....##
####...###########
#@................
#.#.#......#......
#.#.##.###.##.#...
#.#....# #.##..[..
#.....## #.##.....
#.....# #.b...###
#.....# #b.######
#.....# #.......#
###.....#####.####.#


There were no monsters in sight!

Vanquished Creatures
  An orc priest (D:4)
  2 worker ants
  Natasha (D:4)
  An orc wizard (D:4)
  A hound skeleton (D:4)
  4 adders
  3 dart slugs
  2 leopard geckos
  3 orcs (D:4)
  10 bats
  2 giant cockroaches (D:1)
  7 goblins
  7 hobgoblins
  6 jackals
  5 kobolds
  A quokka (D:4)
  A ball python (D:2)
  3 frilled lizards
  7 rats
67 creatures vanquished.

Notes
Turn   | Place    | Note
-------+----------+-------------------------------------------
     0 | D:1      | Illumine the Gnoll Fighter began the quest for the Orb.
     0 | D:1      | Reached XP level 1. HP: 23/23 MP: 1/1
   114 | D:1      | Reached XP level 2. HP: 29/29 MP: 2/2
   281 | D:1      | Reached XP level 3. HP: 35/35 MP: 3/3
   595 | D:2      | Reached skill level 1 in Invocations
   828 | D:2      | Reached skill level 1 in Short Blades
   828 | D:2      | Reached skill level 1 in Long Blades
   828 | D:2      | Reached skill level 1 in Axes
   828 | D:2      | Reached skill level 1 in Maces & Flails
   828 | D:2      | Reached skill level 1 in Staves
   828 | D:2      | Reached skill level 1 in Slings
   828 | D:2      | Reached skill level 1 in Bows
   828 | D:2      | Reached skill level 1 in Crossbows
   828 | D:2      | Reached skill level 1 in Throwing
   828 | D:2      | Reached skill level 1 in Dodging
   828 | D:2      | Reached skill level 1 in Stealth
   828 | D:2      | Reached skill level 1 in Unarmed Combat
   828 | D:2      | Reached skill level 1 in Spellcasting
   828 | D:2      | Reached skill level 1 in Evocations
  1336 | D:3      | Reached XP level 4. HP: 41/41 MP: 5/5
  1427 | D:3      | Found an opulent altar of Gozag.
  1485 | D:3      | Found a stormy altar of Qazlal.
  1826 | D:4      | Found a staircase to the Ecumenical Temple.
  1834 | D:4      | Reached skill level 1 in Conjurations
  1834 | D:4      | Reached skill level 1 in Hexes
  1834 | D:4      | Reached skill level 1 in Summonings
  1834 | D:4      | Reached skill level 1 in Necromancy
  1834 | D:4      | Reached skill level 1 in Translocations
  1834 | D:4      | Reached skill level 1 in Transmutations
  1834 | D:4      | Reached skill level 1 in Fire Magic
  1834 | D:4      | Reached skill level 1 in Ice Magic
  1834 | D:4      | Reached skill level 1 in Air Magic
  1834 | D:4      | Reached skill level 1 in Earth Magic
  1834 | D:4      | Reached skill level 1 in Poison Magic
  2015 | D:4      | Reached XP level 5. HP: 42/47 MP: 6/6
  2020 | Temple   | Entered the Ecumenical Temple
  2121 | Temple   | Became a worshipper of Warmaster Okawaru
  2276 | D:4      | Noticed a phantom
  2774 | D:4      | Noticed Natasha
  2786 | D:4      | Killed Natasha
  2987 | D:5      | Entered Level 5 of the Dungeon
  3000 | D:5      | Reached XP level 6. HP: 45/53 MP: 8/8
  3126 | D:4      | Slain by an unseen horror

Illustrated notes

Levels and vault maps discovered:
D:1:      onia_arrival_mini_spirals, layout_basic
D:2:      layout_loops_corners
D:3:      layout_rooms, grunt_qazlal_sundering, nicolae_gozag_seed_capital
D:4:      layout_basic, minmay_temple_entry_butterflies, uniq_natasha
D:5:      cheibrodos_fzero, layout_basic, dk_noncrumbling_3, sigmund_army,
          uniq_eustachio, uniq_crazy_yiuf_cottage
Temple:   eino_temple_water

Skill      XL: |  1  2  3  4  5 |
---------------+----------------+-----
Invocations    | 1 2 |  2.0
Short Blades   | 1 |  1.8
Long Blades    | 1 |  1.8
Axes           | 1 |  1.8
Maces & Flails | 1 |  1.8
Staves         | 1 |  1.8
Slings         | 1 |  1.8
Bows           | 1 |  1.8
Crossbows      | 1 |  1.8
Throwing       | 1 |  1.8
Dodging        | 1 |  1.8
Stealth        | 1 |  1.8
Unarmed Combat | 1 |  1.8
Spellcasting   | 1 |  1.8
Evocations     | 1 |  1.8
Conjurations   | 1 |  1.4
Hexes          | 1 |  1.4
Summonings     | 1 |  1.4
Necromancy     | 1 |  1.4
Translocations | 1 |  1.4
Transmutations | 1 |  1.4
Fire Magic     | 1 |  1.4
Ice Magic      | 1 |  1.4
Air Magic      | 1 |  1.4
Earth Magic    | 1 |  1.4
Poison Magic   | 1 |  1.4
Fighting       | |  6.8
Polearms       | |  4.9
Armour         | |  6.8
Shields        | |  6.8

Action                   |  1- 3 |  4- 6 || total
-------------------------+-------+-------++-------
Melee: Trident           |   100 |   111 ||   211
       Bite              |     8 |    12 ||    20
  Use: Potion            |       |     1 ||     1
Armor: Scale mail        |    28 |    29 ||    57
Dodge: Dodged            |    21 |    37 ||    58
Block: Kite shield       |    48 |    64 ||   112

Table legend: (Time is in decaauts)
 A = Elapsed time spent in this place.
 B = Non-inter-level travel time spent in this place.
 C = Inter-level travel time spent in this place.
 D = Time resting spent in this place.
 E = Time spent auto-exploring this place.
 F = Levels seen in this place.
 G = Mean time per level.
                   A        B        C        D        E       F      G
               +--------+--------+--------+--------+--------+-----+--------+
         Total |   3161 |   2963 |    198 |    369 |   2084 |   6 |  526.8 |
       Dungeon |   3040 |   2860 |    180 |    369 |   1989 |   5 |  608.0 |
        Temple |    120 |    102 |     18 |      0 |     95 |   1 |  120.0 |
               +--------+--------+--------+--------+--------+-----+--------+

Top non-repeatable levels by time:
     D:4: 1135 daAuts
     D:2: 798 daAuts
     D:1: 537 daAuts
     D:3: 430 daAuts
     D:5: 139 daAuts
  Temple: 120 daAuts
